 Dungeon Crawl Stone Soup version 0.28.0-43-g3370ac3207 (console) character file.

Game seed: 16912023171615377920

6288 Zeor the Covert (level 10, -8/55 HPs)
             Began as a Vine Stalker Brigand on Mar 22, 2022.
             Was a Believer of Wu Jian.
             Mangled by an orc knight
             ... wielding a +0 trident
              (19 damage)
             ... in a bailey.
             The game lasted 00:29:56 (6364 turns).

Zeor the Covert (Vine Stalker Brigand)              Turns: 6364, Time: 00:29:57

Health: -8/55      AC: 10    Str: 12 (14) XL:     10   Next: 94%
Magic:  0/11       EV: 18    Int:  9 (11) God:    Wu Jian [**....]
Gold:   193        SH:  0    Dex: 18 (20) Spells: 9/9 levels left

rFire   + . .      SeeInvis .   a - +1 dagger (venom)
rCold   + . .      Faith    .   (no shield)
rNeg    . . .      Spirit   +   r - +3 leather armour {Will+}
rPois   +          Reflect  .   (no helmet)
rElec   +          Harm     .   c - +1 cloak
rCorr   +          Rampage  .   g - +0 pair of gloves
Will    ++...                   m - +0 pair of boots
Stlth   +++++.....              (no amulet)
HPRegen 0.98/turn               j - ring of poison resistance
MPRegen 0.12/turn               E - +4 ring of evasion

@: brilliant, resistant, hasted, very quick
A: fangs 3, regeneration 1, magic shield, antimagic bite, no potion heal 2
a: Renounce Religion, Wall Jump


You were in a bailey.
You worshipped Wu Jian.
Wu Jian was pleased with you.
You visited 2 branches of the dungeon, and saw 9 of its levels.
You also visited: Ossuary and Bailey.

You collected 661 gold pieces.
You spent 468 gold pieces at shops.

Inventory:

Hand Weapons
 a - a +1 dagger of venom (weapon)
 b - a +2 dagger of flaming
 q - a +2 flail of draining
 H - a +0 falchion
Missiles
 d - 10 poisoned darts (quivered)
 e - 2 curare-tipped darts
 h - 40 bolts
 l - 5 datura-tipped darts
 u - 116 arrows
Armour
 c - a +1 cloak (worn)
 f - the +5 plate armour of Fortitude {Str+4 Int-4 Dex+3 Slay+2}
   (You found it on level 4 of the Dungeon)

   Str:       It affects your strength (+4).
   Int:       It affects your intelligence (-4).
   Dex:       It affects your dexterity (+3).
   Slay:      It affects your accuracy & damage with ranged weapons and melee
   (+2).
 g - a +0 pair of gloves (worn)
 m - a +0 pair of boots (worn)
 r - a +3 leather armour of willpower (worn)
Jewellery
 j - a ring of poison resistance (left hand)
 k - a ring of fire
 E - a +4 ring of evasion (right hand)
Wands
 y - a wand of flame (14)
 I - a wand of paralysis (12)
Scrolls
 s - 3 scrolls of fear
 A - 2 scrolls of torment
 B - 2 scrolls of fog
 C - 3 scrolls of teleportation
 D - a scroll of magic mapping
 F - a scroll of immolation
Potions
 i - a potion of invisibility
 n - 2 potions of lignification
 o - 3 potions of magic
 p - 5 potions of curing
 w - 2 potions of attraction
 x - a potion of resistance
 G - 2 potions of flight {unknown}
 J - 2 potions of might


   Skills:
 * Level 7.5 Fighting
 + Level 7.9 Short Blades
 * Level 4.1 Throwing
 + Level 3.7 Armour
 * Level 4.4 Dodging
 + Level 11.2 Stealth


You had 9 spell levels left.
You didn't know any spells.
Your spell library contained the following spells:

 Spells                   Type           Power      Damage    Failure   Level
 Call Canine Familiar     Summ           0%         N/A       83%         3
 Dazzling Flash           Conj/Hex       0%         N/A       83%         3
 Portal Projectile        Hex/Tloc       0%         N/A       83%         3
 Leda's Liquefaction      Hex/Erth       0%         N/A       99%         4
 Agony                    Necr           0%         N/A       100%        5
 Silence                  Hex/Air        0%         N/A       100%        5


Dungeon Overview and Level Annotations

Branches:
Dungeon (8/15)             Temple (1/1) D:5         Ossuary (visited)
 Bailey (1/1)
   Lair: D:8-11

Altars:
Ashenzari
Cheibriados
Elyvilon
Fedhas
Gozag
Hepliaklqana
Kikubaaqudgha
Nemelex Xobeh
Okawaru
Qazlal
Ru
Sif Muna
Trog
Uskayaw
Vehumet
Wu Jian
Xom
Yredelemnul
Zin
The Shining One

Shops:
D:7 =   D:8 (:[


Innate Abilities, Weirdness & Mutations

You have razor-sharp teeth.
Your natural rate of healing is unusually fast.
When hurt, damage is shared between your health and your magic reserves.
Your bite disrupts and absorbs the magic of your enemies.
Potions cannot restore your health.


Message History

The orc knight roars a battlecry!
The orc knight goes into a battle-frenzy!
The orc completely misses you.
You spin and attack the orc.
You hit the orc but do no damage. Your bite misses the orc.
You spin and attack the orc knight.
You hit the orc knight but do no damage.
The orc knight looks as sick as possible!
You bite the orc knight, but do no damage.
The orc knight is lightly wounded.
The orc warrior hits you from afar with a +0 halberd!!
The orc knight misses you.
You spin and attack the orc repeatedly.
You hit the orc.
The orc is poisoned.
The orc is heavily wounded.
You hit the orc.
The orc looks as sick as possible!
You bite the orc. You drain its power.
You feel invigorated.
The orc is almost dead.
You kill the orc!
The Council accepts your kill. The orc misses you.
Aiming: Wall Jump
Press: ? - help, Dir - move target You have no room to wall jump there; the orc knight is in the way.
Okay, then.
The orc warrior hits you from afar with a +0 halberd!!
The orc knight hits you from afar with a +0 trident!
* * * LOW HITPOINT WARNING * * *
Aiming: Wall Jump
Press: ? - help, Dir - move target You repeatedly attack the orc from above.
You hit the orc but do no damage.
The orc is poisoned.
You hit the orc. Your punch misses the orc.
The orc is lightly wounded.
You hit the orc but do no damage.
The orc looks as sick as possible!
You bite the orc. You drain its power.
You feel invigorated.
The orc is heavily wounded.
You kill the orc!
The Council accepts your kill. The orc warrior barely misses you.
The orc knight hits you from afar with a +0 trident!!
You die...

▒∙∙∙∙∙▒
▒∙!∙!∙▒
▒∙∙!!∙▒
▒∙∙∙∙∙▒
▒▒'''▒▒
▒▒∙∙)∙∙▒▒
▒∙∙o∙∙)∙▒
▒○○▒o▒∙∙▒
▒f○oo∙∙∙▒
▒○○o∙∙∙∙▒
▒∙∙o∙∙∙∙▒
▒▒∙∙∙∙∙▒▒
▒■■■■■▒


You could see 2 orc knights, an orc warrior (strong, very poisoned) and 3 orcs.

Vanquished Creatures
  A hydra (D:7)
  A boulder beetle (D:7)
  A two-headed ogre (D:7)
  An ugly thing (D:7)
  Maggie (D:7)
  Grinder (D:5)
  A wyvern (D:8)
  A shadow (D:7)
  Edmund (D:5)
  A water moccasin (D:7)
  4 orc warriors
  3 black bears
  3 ogres
  A necrophage (D:4)
  5 sky beasts
  A centaur (D:8)
  3 elf zombies
  A wyvern zombie (D:8)
  Blork the orc (D:5)
  A bullfrog (D:7)
  3 scorpions
  A water moccasin skeleton (D:5)
  5 killer bees
  2 human zombies
  3 hounds
  An orc priest (D:7)
  A bullfrog skeleton (D:5)
  2 orc wizards
  Natasha (thrice) (D:3)
  A human skeleton (D:5)
  An iguana (D:5)
  4 mummies (Ossuary)
  9 adders
  A white imp (D:8)
  2 adder zombies
  An adder skeleton (D:5)
  2 worms
  6 dart slugs
  30 orcs
  2 bats (D:2)
  13 endoplasms
  2 giant cockroaches
  5 hobgoblins
  5 jackals
  A quokka (D:1)
  6 ball pythons
  5 frilled lizards
  10 goblins
  2 goblin zombies (Ossuary)
  2 hobgoblin zombies (Ossuary)
  A jackal zombie (Ossuary)
  12 kobolds
  2 orc skeletons (D:5)
  2 orc zombies
  9 rats
  2 rat zombies (Ossuary)
192 creatures vanquished.

Vanquished Creatures (collateral kills)
  2 killer bees (D:7)
2 creatures vanquished.

Vanquished Creatures (others)
  2 killer bees (D:7)
2 creatures vanquished.

Grand Total: 196 creatures vanquished

Notes
Turn   | Place    | Note
-------+----------+-------------------------------------------
     0 | D:1      | Zeor the Vine Stalker Brigand began the quest for the Orb.
     0 | D:1      | Reached XP level 1. HP: 11/11 MP: 2/2
    71 | D:1      | Reached skill level 5 in Stealth
   154 | D:1      | Reached XP level 2. HP: 13/15 MP: 3/3
   351 | D:1      | Found a faded altar of an unknown god.
   815 | D:2      | Found a blossoming altar of Fedhas.
   949 | D:2      | Reached XP level 3. HP: 18/18 MP: 4/4
  1083 | D:2      | Reached skill level 1 in Dodging
  1616 | D:2      | Gained mutation: Your natural rate of healing is unusually
                  | fast. [Vine Stalker growth]
  1616 | D:2      | Reached XP level 4. HP: 23/23 MP: 5/5
  2041 | D:3      | Reached skill level 6 in Stealth
  2114 | D:3      | Found a shimmering altar of Xom.
  2134 | D:3      | Noticed Natasha
  2144 | D:3      | Killed Natasha
  2145 | D:3      | Reached skill level 1 in Armour
  2145 | D:3      | Reached XP level 5. HP: 24/27 MP: 4/6
  2386 | D:3      | Found a sparkling altar of Nemelex Xobeh.
  2506 | D:3      | Noticed Natasha
  2518 | D:3      | Killed Natasha
  2554 | D:3      | Noticed Natasha
  2566 | D:3      | Killed Natasha
  2728 | D:4      | Reached XP level 6. HP: 29/32 MP: 7/7
  2739 | D:4      | Identified the +5 plate armour of Fortitude {Str+4 Int-4
                  | Dex+3 Slay+2}
  2767 | D:4      | Found a radiant altar of Vehumet.
  2850 | D:4      | Noticed a necrophage
  2872 | D:4      | Killed a necrophage
  2873 | D:4      | Reached skill level 7 in Stealth
  3189 | D:5      | Entered Level 5 of the Dungeon
  3235 | D:5      | Reached XP level 7. HP: 36/36 MP: 8/8
  3270 | D:5      | Noticed Edmund
  3287 | D:5      | Killed Edmund
  3333 | D:5      | Found a sand-covered staircase.
  3336 | D:5      | Gained mutation: You have razor-sharp teeth. [Vine Stalker
                  | growth]
  3336 | D:5      | Reached XP level 8. HP: 42/42 MP: 9/9
  3338 | Ossuary  | Entered an ossuary
  3495 | Ossuary  | Reached skill level 8 in Stealth
  3595 | D:5      | Found a staircase to the Ecumenical Temple.
  3608 | Temple   | Entered the Ecumenical Temple
  3783 | Temple   | Became a worshipper of the Wu Jian Council
  3817 | D:5      | Noticed Grinder
  3850 | D:5      | Killed Grinder
  3851 | D:5      | Reached skill level 5 in Short Blades
  4123 | D:5      | Noticed Blork the orc
  4131 | D:5      | Killed Blork the orc
  4132 | D:5      | Reached skill level 5 in Fighting
  4174 | D:5      | Reached XP level 9. HP: 42/47 MP: 8/10
  4311 | D:6      | Found a hide-covered altar of Uskayaw.
  4367 | D:6      | Reached skill level 9 in Stealth
  5039 | D:7      | Noticed Maggie
  5063 | D:7      | Killed Maggie
  5152 | D:7      | Found Pup Osko's Jewellery Shoppe.
  5155 | D:7      | Bought a +4 ring of evasion for 468 gold pieces
  5404 | D:7      | Noticed a boulder beetle
  5420 | D:7      | Killed a boulder beetle
  5421 | D:7      | Reached skill level 10 in Stealth
  5421 | D:7      | Reached XP level 10. HP: 51/53 MP: 11/11
  5459 | D:7      | Noticed a four-headed hydra
  5464 | D:7      | Killed a four-headed hydra
  5511 | D:7      | Noticed a two-headed ogre
  5513 | D:7      | Killed a two-headed ogre
  5527 | D:7      | Noticed a red ugly thing
  5529 | D:7      | Killed a red ugly thing
  5591 | D:7      | Reached * piety under Wu Jian
  5864 | D:8      | Found Baeffoupn's Book Shoppe.
  5916 | D:8      | Found Didih's Armour Boutique.
  5995 | D:8      | Reached skill level 11 in Stealth
  6015 | D:8      | Found Bolaapna's Antique Weapon Boutique.
  6176 | D:8      | Found a flagged portal.
  6198 | Bailey   | Entered a bailey
  6349 | Bailey   | Noticed an orc knight
  6349 | Bailey   | Noticed an orc knight
  6355 | Bailey   | Reached ** piety under Wu Jian
  6364 | Bailey   | Mangled by an orc knight

Illustrated notes

Levels and vault maps discovered:
D:1:      dpeg_arrival_stone_temple_mockup, layout_rooms, basic_ecumenical_altar
D:2:      minmay_thinvault, layout_basic, basic_altar
D:3:      layout_rooms, nemelex_dance_club_becter, mainiacjoe_overflow_paths,
          interstate_on_off, minmay_randomly_rotated_circles, uniq_natasha
D:4:      layout_rooms, mainiacjoe_overflow_24_doors,
          minmay_misc_feat_more_columns
D:5:      layout_rooms, minmay_temple_entry_slanted,
          nicolae_ossuary_entry_catacombs, uniq_blork_the_orc, uniq_edmund,
          uniq_grinder
D:6:      layout_basic, nicolae_uskayaw_murder_on_the_dancefloor
D:7:      layout_loops_ring, serial_shops, shop, kb_rosetta, uniq_maggie
D:8:      layout_gridville, makhleb_blood_cavern_becter,
          nicolae_dithmenos_through_a_glass_darkly, enter_bailey_5,
          serial_shops, shop, nicolae_shop_window_shopping,
          nicolae_shop_behind_doors, uniq_maurice
Temple:   eino_temple_rhombus
Bailey:   bailey_polearm_5, bailey

Skill      XL: |  1  2  3  4  5  6  7  8  9 10 |
---------------+-------------------------------+-----
Stealth        | 5 6 7 8 10 11 | 11.2
Short Blades   | 2 3 4 5 7 |  7.9
Throwing       | 2 4 |  4.1
Dodging        | 1 2 3 4 |  4.4
Fighting       | 2 3 5 6 7 |  7.5
Armour         | 1 2 3 |  3.7

Action                   |  1- 3 |  4- 6 |  7- 9 | 10-12 || total
-------------------------+-------+-------+-------+-------++-------
Melee: Dagger            |    72 |   143 |   252 |   169 ||   636
       Bite              |    15 |    40 |    97 |    58 ||   210
       Punch             |     1 |     3 |     1 |     3 ||     8
Throw: Dart              |       |       |     8 |       ||     8
Invok: Lunge             |       |       |    13 |    20 ||    33
       Whirlwind         |       |       |       |    41 ||    41
 Abil: Wall Jump         |       |       |       |     2 ||     2
  Use: Scroll            |     3 |     7 |    10 |     1 ||    21
       Potion            |       |       |     1 |     4 ||     5
 Stab: Sleeping          |    12 |    14 |    15 |     7 ||    48
       Distracted        |       |     1 |       |       ||     1
Armor: Robe              |     6 |       |       |       ||     6
       Leather armour    |     9 |    43 |    64 |    17 ||   133
Dodge: Dodged            |    22 |    50 |   104 |   100 ||   276
